 Dungeon Crawl Stone Soup version 0.30-a0-121-gb27577e5d9 (webtiles) character file.

Game seed: 2641878770444474901

161 NinjaNoafa the Trooper (level 5, -1/46 HPs)
             Began as a Palentonga Monk on Sept 14, 2022.
             Was a Priest of Nemelex Xobeh.
             Slain by a river rat (2 damage)
             ... on level 4 of the Dungeon.
             The game lasted 00:06:15 (2863 turns).

NinjaNoafa the Trooper (Palentonga Monk)            Turns: 2863, Time: 00:06:15

Health: -1/46      AC:  8    Str: 18    XL:     5   Next: 19%
Magic:  6/6        EV:  9    Int: 11    God:    Nemelex Xobeh [***...]
Gold:   78         SH:  0    Dex: 12    Spells: 4/4 levels left

rFire   . . .      SeeInvis +    a - +0 hand axe
rCold   . . .      Faith    +    (no shield)
rNeg    . . .      Spirit   .    k - +0 ring mail
rPois   .          Reflect  .    (no helmet)
rElec   .          Harm     .    g - +0 cloak
rCorr   .          Rampage  .    n - +0 pair of gloves
Will    .....                    (no barding)
Stlth   +.........               r - amulet of faith
HPRegen 0.15/turn                (no ring)
MPRegen 0.10/turn                (no ring)

@: no status effects
A: large, rugged brown scales 3, see invisible, deformed body, roll 1, armoured
tail
a: Rolling Charge, Renounce Religion, Draw Escape, Draw Destruction, Draw
Summoning, Triple Draw


You were on level 4 of the Dungeon.
You worshipped Nemelex Xobeh.
Nemelex Xobeh was most pleased with you.
You visited 1 branch of the dungeon, and saw 4 of its levels.

You collected 78 gold pieces.

Inventory:

Hand Weapons
 a - a +0 hand axe (weapon)
Missiles
 d - 41 stones
 t - 4 poisoned darts
Armour
 g - a +0 cloak (worn)
 k - a +0 ring mail (worn)
 n - a +0 pair of gloves (worn)
Jewellery
 r - an amulet of faith (around neck)
Wands
 p - a wand of charming (6)
Scrolls
 b - a scroll of magic mapping {unknown}
 e - 5 scrolls of identify {unknown}
 f - 2 scrolls of amnesia {unknown}
 h - a scroll of vulnerability {unknown}
 m - a scroll of enchant armour {unknown}
 s - a scroll of teleportation {unknown}
 u - a scroll of butterflies {unknown}
Potions
 c - a potion of ambrosia
 i - a potion of mutation {unknown}
 j - a potion of heal wounds {unknown}
 l - a potion of degeneration {unknown}
 o - 2 potions of curing {unknown}
 q - a potion of attraction {unknown}


   Skills:
 + Level 4.4 Fighting
 - Level 3.0 Axes
 + Level 2.4 Armour
 - Level 2.4 Dodging
 - Level 1.2 Stealth
 + Level 2.0 Invocations


You had 4 spell levels left.
You didn't know any spells.
Your spell library contained the following spells:

 Spells                   Type           Power      Damage    Failure   Level
 Beastly Appendage        Tmut           0%         N/A       52%         1
 Wereblood                Tmut           0%         N/A       67%         2
 Spider Form              Tmut/Pois      0%         N/A       88%         3


Dungeon Overview and Level Annotations

Branches:
Dungeon (3/15)

Altars:
Nemelex Xobeh


Innate Abilities, Weirdness & Mutations

You are completely covered in rugged brown scales. (AC +3, +7% HP)
You have supernaturally acute eyesight. (SInv)
Armour fits poorly on your strangely shaped body.
You can roll at nearby foes to attack.
You have a long armoured tail.


Message History

You closely miss the orc. The orc hits you but does no damage.
The orc barely misses you.
You closely miss the orc.
The orc is moderately wounded.
You barely miss the orc. The orc hits you but does no damage. x2
The orc barely misses you. x2
Found a helmet.
The orc attacks as you move away! The orc hits you with a +0 dagger.
The orc attacks as you move away! The orc hits you but does no damage.
A jelly comes into view.
The jelly quivers.
You slash the orc!
You kill the orc!
The orc throws a boomerang.
The boomerang barely misses you. The orc closely misses you.
The orc misses you.
You see here a +0 dagger.
You hit the jelly.
Your hands burn!
The jelly is moderately wounded.
You hit the orc but do no damage. You barely miss the orc.
The orc hits you with a +0 mace. The jelly hits you but does no damage.
The orc hits you but does no damage.
You hit the jelly.
Your hands burn!
The jelly is moderately wounded.
You closely miss the orc. You barely miss the orc. The orc closely misses you.
The jelly hits you.
* * * LOW HITPOINT WARNING * * *
You are splashed with acid!
* * * LOW HITPOINT WARNING * * *
The orc hits you with a +0 mace.
* * * LOW HITPOINT WARNING * * *
You draw a card...
You have drawn Degeneration.
The jelly evaporates and reforms as a river rat!
The river rat twists and deforms.
The orc evaporates and reforms as a ball python!
The ball python twists and deforms.
The orc evaporates and reforms as a giant cockroach!
The giant cockroach twists and deforms.
The ball python barely misses you. The river rat bites you.
You die...
Your body glows slightly and disappears.

####### # .....####
#### #. #.....#
...####
###.####.....#
..[....
#.......†....##$..#
.#.#..#....S@r..#
#.#..#....B#####
#....)..####
#.#.###.# .....#
#.# ###.... ..#
#.### ### #. #.


You could see a river rat (misshapen), a giant cockroach (misshapen) and a ball
python (misshapen).

Vanquished Creatures
  A phantom (D:4)
  2 adders (D:2)
  A worm (D:4)
  5 dart slugs
  2 orcs (D:4)
  5 endoplasms
  2 giant cockroaches (D:1)
  7 goblins
  7 hobgoblins
  2 jackals (D:2)
  A quokka (D:2)
  6 ball pythons
  4 bats
  2 frilled lizards
  3 kobolds
  6 rats
56 creatures vanquished.

Vanquished Creatures (others)
  7 plants
  9 withered plants (D:1)
16 creatures vanquished.

Grand Total: 72 creatures vanquished

Notes
Turn   | Place    | Note
-------+----------+-------------------------------------------
     0 | D:1      | NinjaNoafa the Palentonga Monk began the quest for the Orb.
     0 | D:1      | Reached XP level 1. HP: 19/19 MP: 1/1
   330 | D:1      | Reached XP level 2. HP: 25/25 MP: 2/2
   335 | D:1      | Reached skill level 1 in Armour
   743 | D:1      | Found a faded altar of an unknown god.
  1228 | D:2      | Reached XP level 3. HP: 32/32 MP: 3/3
  1437 | D:2      | Found a sparkling altar of Nemelex Xobeh.
  1445 | D:2      | Became a worshipper of Nemelex Xobeh the Trickster
  1445 | D:2      | Reached * piety under Nemelex Xobeh
  1445 | D:2      | Received a gift from Nemelex Xobeh
  1445 | D:2      | Reached ** piety under Nemelex Xobeh
  1800 | D:2      | Reached skill level 4 in Fighting
  1853 | D:2      | Reached XP level 4. HP: 33/39 MP: 4/4
  1910 | D:2      | Received a gift from Nemelex Xobeh
  2477 | D:3      | Reached skill level 1 in Invocations
  2636 | D:3      | Reached *** piety under Nemelex Xobeh
  2720 | D:3      | You fall into a shaft and drop 1 floor!
  2723 | D:4      | Noticed a phantom
  2748 | D:4      | Killed a phantom
  2749 | D:4      | Reached XP level 5. HP: 6/46 MP: 4/6
  2862 | D:4      | HP: 1/46 [orc/+0 mace (4)]
  2863 | D:4      | Slain by a river rat

Illustrated notes

Levels and vault maps discovered:
D:1:      dpeg_arrival_renting, layout_basic,
          shapermc_ecumenical_altar_flowoftime
D:2:      layout_basic, basic_altar, minmay_fountain_box
D:3:      layout_basic
D:4:      layout_loops_cross, minmay_temple_entry_waves, serial_shops, shop,
          nicolae_shop_overgrown_old_shop, shop, grunt_ministairs_9

Skill      XL: |  1  2  3  4  5 |
---------------+----------------+-----
Armour         | 1 2 |  2.4
Fighting       | 4 |  4.4
Invocations    | 1 2 |  2.0
Axes           | |  3.0
Dodging        | |  2.4
Stealth        | |  1.2

Action                   |  1- 3 |  4- 6 || total
-------------------------+-------+-------++-------
Melee: Hand axe          |   124 |    58 ||   182
       Tailslap          |    19 |     8 ||    27
       Punch             |     1 |       ||     1
Invok: Draw Destruction  |       |     4 ||     4
 Abil: Rolling Charge    |    24 |    12 ||    36
 Stab: Sleeping          |     1 |       ||     1
Armor: Robe              |     7 |       ||     7
       Leather armour    |     9 |       ||     9
       Ring mail         |    25 |    26 ||    51
Dodge: Dodged            |    53 |    33 ||    86

Table legend: (Time is in decaauts)
 A = Elapsed time spent in this place.
 B = Non-inter-level travel time spent in this place.
 C = Inter-level travel time spent in this place.
 D = Time resting spent in this place.
 E = Time spent auto-exploring this place.
 F = Levels seen in this place.
 G = Mean time per level.
                   A        B        C        D        E       F      G
               +--------+--------+--------+--------+--------+-----+--------+
         Total |   2889 |   2815 |     74 |      0 |   2294 |   4 |  722.2 |
       Dungeon |   2889 |   2815 |     74 |      0 |   2294 |   4 |  722.2 |
               +--------+--------+--------+--------+--------+-----+--------+

Top non-repeatable levels by time:
     D:1: 1219 daAuts
     D:2: 932 daAuts
     D:3: 588 daAuts
     D:4: 148 daAuts
